APP
BALTIMORE (APP) ORIOLES @ BURLINGTON ROYALS
05/19/2044
 
TOP OF THE 1ST
Baltimore (APP) Orioles batting - Pitching for Burlington Royals : RHP Matt Slater
Pitching: RHP Matt Slater
Batting: RHB Mike Zepeda 0-0: Foul Ball, location: 2F
0-1: Ball
1-1: Ball
2-1: Fly out, F9 (Flyball, 89D, EV 89.4 MPH)
Batting: RHB Fernando Bravo 0-0: Called Strike
0-1: Ball
1-1: Ball
2-1: Ball
3-1: Called Strike
3-2: Foul Ball, location: 2F
3-2: Foul Ball, location: 2F
3-2: Strikes out looking
Batting: LHB Justin Alworth 0-0: Swinging Strike
0-1: Ground out 6-3 (Groundball, 6, EV 87.5 MPH)
Top of the 1st over - 0 runs, 0 hits, 0 errors, 0 left on base; Baltimore (APP) 0 - Burlington 0
BOTTOM OF THE 1ST
Burlington Royals batting - Pitching for Baltimore (APP) Orioles : RHP Bryant Orr
Pitching: RHP Bryant Orr
Batting: RHB Tim Persson 0-0: Ground out 6-3 (Groundball, 6, EV 83.1 MPH)
Batting: LHB Ernesto Abreu 0-0: Called Strike
0-1: Ball
1-1: Swinging Strike
1-2: Ball
2-2: Strikes out swinging
Batting: SHB Manny Berrones 0-0: Called Strike
0-1: Ball
1-1: Ground out 4-3 (Groundball, 4, EV 106.2 MPH)
Bottom of the 1st over - 0 runs, 0 hits, 0 errors, 0 left on base; Baltimore (APP) 0 - Burlington 0
TOP OF THE 2ND
Baltimore (APP) Orioles batting - Pitching for Burlington Royals : RHP Matt Slater
Batting: LHB Antonio Cantu 0-0: Foul Ball, location: 2F
0-1: Ball
1-1: Called Strike
1-2: Strikes out looking
Batting: RHB Lee Deason 0-0: Foul Ball, location: 2F
0-1: Swinging Strike
0-2: Ball
1-2: Foul Ball, location: 2F
1-2: Strikes out looking
Batting: LHB Tomas de Zeeuw 0-0: Ball
1-0: Called Strike
1-1: Ball
2-1: Ground out U3 (Groundball, 3S, EV 65.6 MPH)
Top of the 2nd over - 0 runs, 0 hits, 0 errors, 0 left on base; Baltimore (APP) 0 - Burlington 0
BOTTOM OF THE 2ND
Burlington Royals batting - Pitching for Baltimore (APP) Orioles : RHP Bryant Orr
Batting: SHB Danny Ballenger 0-0: Ground out 4-3 (Groundball, 4M, EV 91.2 MPH)
Batting: LHB Bobby Gonzalez 0-0: Ball
1-0: Ball
2-0: Ball
3-0: Called Strike
3-1: Called Strike
3-2: Base on Balls
Batting: SHB Marcos Cortez 0-0: Called Strike
Bobby Gonzalez steals 2nd base
0-1: Ground out 1-3 (Groundball, 15S, EV 68.1 MPH)
Batting: RHB Rob Ward 0-0: Ball
1-0: Ball
2-0: SINGLE (Flyball, 8RM, EV 94.4 MPH)
Bobby Gonzalez to third
Batting: RHB Shane Bruce 0-0: Called Strike
0-1: Ball
1-1: Ball
2-1: Foul Ball, location: 2F
2-2: Ball
Wild Pitch!
Bobby Gonzalez scores
Rob Ward to second
3-2: Strikes out looking
Bottom of the 2nd over - 1 run, 1 hit, 0 errors, 1 left on base; Baltimore (APP) 0 - Burlington 1
TOP OF THE 3RD
Baltimore (APP) Orioles batting - Pitching for Burlington Royals : RHP Matt Slater
Batting: RHB Matt O'Dea 0-0: Swinging Strike
0-1: Ball
1-1: Ball
2-1: Ball
3-1: Base on Balls
Batting: RHB Ryan Vest 0-0: Ball
1-0: Foul Ball, location: 2F
1-1: Fielders Choice at 2nd, 5-4 (Groundball, 56, EV 104.4 MPH)
Batting: RHB Ioan Biros 0-0: Foul Ball, location: 2F
0-1: Fielders Choice at 2nd, 6-4 (Groundball, 56, EV 101.9 MPH)
Batting: RHB Mike Zepeda 0-0: Ball
1-0: Foul Ball, location: 2F
1-1: Fly out, F3 (Popup, 34S, EV 80.6 MPH)
Top of the 3rd over - 0 runs, 0 hits, 0 errors, 1 left on base; Baltimore (APP) 0 - Burlington 1
BOTTOM OF THE 3RD
Burlington Royals batting - Pitching for Baltimore (APP) Orioles : RHP Bryant Orr
Batting: LHB Hyoji Kawabata 0-0: Called Strike
0-1: Called Strike
0-2: Strikes out swinging
Batting: RHB Tim Persson 0-0: Called Strike
0-1: Called Strike
0-2: DOUBLE (Flyball, 8RXD, EV 106.9 MPH)
Batting: LHB Ernesto Abreu 0-0: Ball
1-0: Called Strike
1-1: Ball
2-1: 2-RUN HOME RUN (Flyball, 78XD, EV 99.4 MPH), Distance : 417 ft
Batting: SHB Manny Berrones 0-0: SOLO HOME RUN (Flyball, 9D, EV 96.2 MPH), Distance : 368 ft
Batting: SHB Danny Ballenger 0-0: Foul Ball, location: 2F
0-1: Ball
1-1: Ball
2-1: Ball
3-1: Ground out 4-3 (Groundball, 4D, EV 103.1 MPH)
Batting: LHB Bobby Gonzalez 0-0: Ball
1-0: Foul Ball, location: 2F
1-1: Ball
2-1: Ball
3-1: Base on Balls
Batting: SHB Marcos Cortez 0-0: Swinging Strike
0-1: Ball
1-1: Swinging Strike
1-2: Foul Ball, location: 2F
1-2: Strikes out swinging
Bottom of the 3rd over - 3 runs, 3 hits, 0 errors, 1 left on base; Baltimore (APP) 0 - Burlington 4
TOP OF THE 4TH
Baltimore (APP) Orioles batting - Pitching for Burlington Royals : RHP Matt Slater
Batting: RHB Fernando Bravo 0-0: Foul Ball, location: 2F
0-1: Fly out, F6 (Line Drive, 6, EV 71.2 MPH)
Batting: LHB Justin Alworth 0-0: Ball
1-0: Ball
2-0: Foul Ball, location: 2F
2-1: Swinging Strike
2-2: Ball
3-2: Strikes out swinging
Batting: LHB Antonio Cantu 0-0: Ball
1-0: Called Strike
1-1: Called Strike
1-2: Ball
2-2: Ball
3-2: Ground out 6-3 (Groundball, 6MS, EV 62.5 MPH)
Top of the 4th over - 0 runs, 0 hits, 0 errors, 0 left on base; Baltimore (APP) 0 - Burlington 4
BOTTOM OF THE 4TH
Burlington Royals batting - Pitching for Baltimore (APP) Orioles : RHP Bryant Orr
Batting: RHB Rob Ward 0-0: Ball
1-0: Ball
2-0: Swinging Strike
2-1: Ball
3-1: Foul Ball, location: 2F
3-2: Foul Ball, location: 2F
3-2: Foul Ball, location: 2F
3-2: Strikes out swinging
Batting: RHB Shane Bruce 0-0: Ball
1-0: Ball
2-0: Ground out 4-3 (Groundball, 4, EV 99.4 MPH)
Batting: LHB Hyoji Kawabata 0-0: Called Strike
0-1: Ball
1-1: Swinging Strike
1-2: Strikes out swinging
Bottom of the 4th over - 0 runs, 0 hits, 0 errors, 0 left on base; Baltimore (APP) 0 - Burlington 4
TOP OF THE 5TH
Baltimore (APP) Orioles batting - Pitching for Burlington Royals : RHP Matt Slater
Batting: RHB Lee Deason 0-0: SINGLE (Groundball, 4S, EV 71.2 MPH) (infield hit)
Batting: LHB Tomas de Zeeuw 0-0: Ball
Lee Deason steals 2nd base
1-0: SINGLE (Groundball, 56D, EV 93.8 MPH)
Lee Deason to third
Batting: RHB Matt O'Dea 0-0: Ball
1-0: Called Strike
Tomas de Zeeuw steals 2nd base
1-1: Fly out, F3 (Popup, 3DF, EV 73.8 MPH)
Batting: RHB Ryan Vest 0-0: Swinging Strike
0-1: Ball
1-1: Called Strike
1-2: Ball
2-2: Ball
3-2: Base on Balls
Batting: RHB Ioan Biros 0-0: Foul Ball, location: 2F
0-1: Called Strike
0-2: Strikes out swinging
Batting: RHB Mike Zepeda 0-0: Ball
1-0: Foul Ball, location: 2F
1-1: Ball
2-1: Ball
3-1: Hit by Pitch
Lee Deason scores
Tomas de Zeeuw to third
Ryan Vest to second
Batting: RHB Fernando Bravo 0-0: Called Strike
0-1: Swinging Strike
0-2: Foul Ball, location: 2F
0-2: Strikes out swinging
Top of the 5th over - 1 run, 2 hits, 0 errors, 3 left on base; Baltimore (APP) 1 - Burlington 4
BOTTOM OF THE 5TH
Burlington Royals batting - Pitching for Baltimore (APP) Orioles : RHP Bryant Orr
Batting: RHB Tim Persson 0-0: Swinging Strike
0-1: Ball
1-1: Swinging Strike
1-2: Strikes out swinging
Batting: LHB Ernesto Abreu 0-0: Ball
1-0: Foul Ball, location: 2F
1-1: Called Strike
1-2: TRIPLE (Line Drive, 89XD, EV 98.8 MPH)
Pitching: RHP Jun-seok Pak
Batting: SHB Manny Berrones 0-0: Called Strike
0-1: Ball
1-1: Foul Ball, location: 2F
1-2: Ball
2-2: Ball
3-2: Foul Ball, location: 2F
3-2: SINGLE (Line Drive, 8LS, EV 98.1 MPH)
Ernesto Abreu scores
Batting: SHB Danny Ballenger 0-0: Foul Ball, location: 2F
0-1: Ball
1-1: Hit by Pitch
Manny Berrones to second
Batting: LHB Bobby Gonzalez 0-0: Ball
1-0: Called Strike
1-1: Swinging Strike
1-2: Ball
2-2: Strikes out swinging
Batting: SHB Marcos Cortez 0-0: Ball
1-0: Foul Ball, location: 2F
1-1: Swinging Strike
1-2: Strikes out swinging
Bottom of the 5th over - 1 run, 2 hits, 0 errors, 2 left on base; Baltimore (APP) 1 - Burlington 5
TOP OF THE 6TH
Baltimore (APP) Orioles batting - Pitching for Burlington Royals : RHP Matt Slater
Batting: LHB Justin Alworth 0-0: Ball
1-0: Called Strike
1-1: Called Strike
1-2: Ball
2-2: Fly out, F8 (Flyball, 8RM, EV 79.4 MPH)
Batting: LHB Antonio Cantu 0-0: Swinging Strike
0-1: Foul Ball, location: 2F
0-2: Foul Ball, location: 2F
0-2: Ball
1-2: Ground out U3 (Groundball, 3, EV 101.2 MPH)
Batting: RHB Lee Deason 0-0: Ball
1-0: Ball
2-0: Ball
3-0: Called Strike
3-1: Fly out, F7 (Flyball, 7S, EV 78.8 MPH)
Top of the 6th over - 0 runs, 0 hits, 0 errors, 0 left on base; Baltimore (APP) 1 - Burlington 5
BOTTOM OF THE 6TH
Burlington Royals batting - Pitching for Baltimore (APP) Orioles : RHP Jun-seok Pak
Batting: RHB Rob Ward 0-0: Ball
1-0: SINGLE (Groundball, 6D, EV 107.5 MPH)
Batting: RHB Shane Bruce 0-0: Called Strike
0-1: Foul Ball, location: 2F
0-2: Ball
1-2: Strikes out swinging
Batting: LHB Hyoji Kawabata 0-0: Sac Bunt to 5S - play at first, batter OUT! 5-3
Rob Ward to second
Batting: RHB Tim Persson 0-0: Ground out 5-3 (Groundball, 56, EV 100.6 MPH)
Bottom of the 6th over - 0 runs, 1 hit, 0 errors, 1 left on base; Baltimore (APP) 1 - Burlington 5
TOP OF THE 7TH
Baltimore (APP) Orioles batting - Pitching for Burlington Royals : RHP Matt Slater
Pitching: LHP Jake Warwick
Batting: LHB Tomas de Zeeuw 0-0: Ball
1-0: Ball
2-0: Called Strike
2-1: Called Strike
2-2: Ball
3-2: Base on Balls
Batting: RHB Matt O'Dea 0-0: Ball
1-0: Called Strike
1-1: Foul Ball, location: 2F
1-2: Foul Ball, location: 2F
1-2: Ball
2-2: 2-RUN HOME RUN (Line Drive, 78XD, EV 109.4 MPH), Distance : 420 ft
Batting: RHB Ryan Vest 0-0: Called Strike
0-1: Foul Ball, location: 2F
0-2: Strikes out looking
Batting: RHB Ioan Biros 0-0: Foul Ball, location: 2F
0-1: Called Strike
0-2: Strikes out looking
Batting: RHB Mike Zepeda 0-0: Called Strike
0-1: Foul Ball, location: 2F
0-2: Ball
1-2: Foul Ball, location: 2F
1-2: Foul Ball, location: 2F
1-2: Strikes out looking
Top of the 7th over - 2 runs, 1 hit, 0 errors, 0 left on base; Baltimore (APP) 3 - Burlington 5
BOTTOM OF THE 7TH
Burlington Royals batting - Pitching for Baltimore (APP) Orioles : RHP Jun-seok Pak
Batting: LHB Ernesto Abreu 0-0: Swinging Strike
0-1: Foul Ball, location: 2F
0-2: Strikes out looking
Batting: SHB Manny Berrones 0-0: Swinging Strike
0-1: Ball
1-1: Foul Ball, location: 2F
1-2: Strikes out swinging
Batting: SHB Danny Ballenger 0-0: Foul Ball, location: 2F
0-1: Ball
1-1: Ball
2-1: Called Strike
2-2: Ball
3-2: Base on Balls
Batting: LHB Bobby Gonzalez 0-0: Swinging Strike
0-1: Swinging Strike
0-2: Foul Ball, location: 2F
0-2: Ball
1-2: Strikes out swinging
Bottom of the 7th over - 0 runs, 0 hits, 0 errors, 1 left on base; Baltimore (APP) 3 - Burlington 5
TOP OF THE 8TH
Baltimore (APP) Orioles batting - Pitching for Burlington Royals : LHP Jake Warwick
Batting: RHB Fernando Bravo 0-0: Ball
1-0: Called Strike
1-1: Called Strike
1-2: Foul Ball, location: 2F
1-2: Ground out 4-3 (Groundball, 13, EV 83.1 MPH)
Pinch Hitting: RHB Jeremy Sipe 0-0: Swinging Strike
0-1: Swinging Strike
0-2: Strikes out swinging
Batting: LHB Antonio Cantu 0-0: Ball
1-0: Ball
2-0: Called Strike
2-1: Foul Ball, location: 2F
2-2: Foul Ball, location: 2F
2-2: Ball
3-2: SINGLE (Groundball, P, EV 85.0 MPH) (infield hit)
Batting: RHB Lee Deason 0-0: Called Strike
0-1: Ball
1-1: Called Strike
1-2: Ball
2-2: Ball
3-2: Strikes out swinging
Top of the 8th over - 0 runs, 1 hit, 0 errors, 1 left on base; Baltimore (APP) 3 - Burlington 5
BOTTOM OF THE 8TH
Burlington Royals batting - Pitching for Baltimore (APP) Orioles : RHP Jun-seok Pak
Pitching: RHP Jon Grason
Now in LF: Matt Foster
Now in CF: Antonio Cantu
Batting: SHB Marcos Cortez 0-0: Ball
1-0: Foul Ball, location: 2F
1-1: Ball
2-1: Ball
3-1: Foul Ball, location: 2F
3-2: Foul Ball, location: 2F
3-2: Fly out, F8 (Flyball, 89D, EV 95.0 MPH)
Batting: RHB Rob Ward 0-0: Called Strike
0-1: Called Strike
0-2: Foul Ball, location: 2F
0-2: Strikes out looking
Batting: RHB Shane Bruce 0-0: Foul Ball, location: 2F
0-1: Swinging Strike
0-2: Strikes out swinging
Bottom of the 8th over - 0 runs, 0 hits, 0 errors, 0 left on base; Baltimore (APP) 3 - Burlington 5
TOP OF THE 9TH
Baltimore (APP) Orioles batting - Pitching for Burlington Royals : LHP Jake Warwick
Pitching: RHP Angel Castorena
Batting: LHB Tomas de Zeeuw 0-0: Ball
1-0: SINGLE (Line Drive, 34, EV 94.4 MPH)
Batting: RHB Matt O'Dea 0-0: Ball
1-0: Foul Ball, location: 2F
1-1: Ball
2-1: Foul Ball, location: 2F
2-2: Fly out, F7 (Flyball, 7, EV 83.8 MPH)
Batting: RHB Ryan Vest 0-0: Ball
1-0: Ball
2-0: DOUBLE (Line Drive, 89M, EV 110.0 MPH)
Tomas de Zeeuw to third
Pinch Hitting: RHB Alex Valencia 0-0: Ball
1-0: Ball
2-0: Ball
3-0: Base on Balls
Batting: RHB Mike Zepeda 0-0: Grounds into fielders choice 1-2 (Groundball, 13S, EV 70.6 MPH)
Ryan Vest to third
Alex Valencia to second
Batting: RHB Fernando Bravo 0-0: Swinging Strike
0-1: Ball
1-1: Ball
2-1: Swinging Strike
2-2: Ball
3-2: Ground out U3 (Groundball, 13, EV 83.8 MPH)
Top of the 9th over - 0 runs, 2 hits, 0 errors, 3 left on base; Baltimore (APP) 3 - Burlington 5
Thursday, March 31st , 2022 - OOTP Baseball 22.12 Build 89